 Dungeon Crawl Stone Soup version 0.31.0-11-ge490571c62 (webtiles) character file.

Game seed: 6897214302549395194

37 qw the Shooter (level 3, -1/18 HPs)
             Began as a Spriggan Hunter on Feb 3, 2024.
             Slain by a kobold
             ... wielding a +3 short sword
              (5 damage)
             ... on level 2 of the Dungeon.
             The game lasted 00:00:02 (1135 turns).

qw the Shooter (Spriggan Hunter)                    Turns: 1135, Time: 00:00:03

Health: -1/18      AC:  2    Str:  7    XL:     3   Next: 21%
Magic:  4/4        EV: 19    Int: 10    God:
Gold:   87         SH:  0    Dex: 20    Spells: 2/2 levels left

rFire   . . .        a - +0 shortbow
rCold   . . .        (shield currently unavailable)
rNeg    . . .        c - +0 robe
rPois   .            (helmet restricted)
rElec   .            (no cloak)
rCorr   .            (gloves unavailable)
SInv    +            (boots unavailable)
Will    .....        (no amulet)
Stlth   ++           (no ring)
HPRegen 0.23/turn    (no ring)
MPRegen 0.09/turn

%: no passive effects
@: about to teleport, very quick
A: very small, no large weapons, unfitting armour, see invisible, speed 3
a: no special abilities


You were on level 2 of the Dungeon.
You visited 1 branch of the dungeon, and saw 2 of its levels.

You collected 87 gold pieces.


Innate Abilities, Weirdness & Mutations

You are very small and have problems with some larger weapons.
You are too small for most types of armour.
You have supernaturally acute eyesight. (SInv)
You cover ground extremely quickly. (Speed+++)


   Skills:
 - Level 1.5 Fighting
 + Level 4.6 Ranged Weapons
 - Level 4.0 Dodging
 - Level 1.5 Stealth


You had 2 spell levels left.
You didn't know any spells.
Your spell library was empty.

Inventory:

Hand Weapons
 a - a +0 shortbow (weapon)
Armour
 c - a +0 robe (worn)
Jewellery
 d - a +6 ring of intelligence
Scrolls
 b - a scroll of fog {unknown}
Potions
 e - a potion of might {unknown}
 h - 2 potions of lignification {unknown}
 j - a potion of resistance

Dungeon Overview and Level Annotations

Branches:
Dungeon (2/15)

Altars:


Message History

You start resting.
HP restored.
There is an open door here.
Things that are here:
a +0 short sword; a kobold corpse You open the door. 3 kobolds come into view.
The kobold shouts! x2; You hear a shout!
A kobold comes into view. It is wielding a +0 dagger.
A kobold comes into view. It is wielding a +3 short sword.
The kobold moves out of view.
Found a hand axe, 2 scrolls of identify and a glowing short sword.
Enter note: You shoot an arrow.
The arrow closely misses the kobold.
The kobold shouts! x2
The kobold throws a stone.
The stone barely misses you.
You shoot an arrow. The arrow hits the kobold.
The kobold is heavily wounded.
The kobold hits you with a +3 short sword.
The kobold hits you with a +0 whip.
You shoot an arrow. The arrow closely misses the kobold.
The kobold completely misses you. The kobold barely misses you.
You shoot an arrow. The arrow misses the kobold.
The kobold hits you with a +0 whip.
You shoot an arrow. The arrow barely misses the kobold.
The kobold hits you with a +0 whip. The kobold closely misses you.
The kobold misses you.
You shoot an arrow. The arrow barely misses the kobold.
The kobold closely misses you. x2; The kobold hits you with a +0 whip.
1133 ||| READING scroll of teleportation.
As you read the scroll of teleportation, it crumbles to dust.
You feel strangely unstable.
The kobold misses you. x2; The kobold closely misses you.
You shoot an arrow. The arrow hits the kobold!
You kill the kobold!
The kobold misses you.
You shoot an arrow. The arrow hits the kobold!
You kill the kobold!
The kobold hits you with a +3 short sword.
You die...

#.#.>..# #.# #..# #.#
#..### #.#.#..# #.#######
#.# #.....
#......######...).###.#
#.####
###)##.....#...?...##.#
#.####
#.....######..?....#..#
#...[. #.###.###..# ....)
#### ###### #.# #......#
.K. # #.###.###.##
##K##### # #.....###.##
#K@)#..# #
########...###...#..# ###
#.....##)##..# #..
#...##.#.##.## #.#
######.#.##.###########.#
##.#.##...(.........#
#....##############..
##.#.##.(....%.....##
#.#.#.#.#########.##


You could see 3 kobolds.

Vanquished Creatures
  An adder (D:2)
  A dart slug (D:1)
  An endoplasm (D:1)
  3 hobgoblins
  6 kobolds
  A quokka (D:2)
  2 ball pythons (D:1)
  3 bats
  4 frilled lizards (D:1)
  5 goblins
  A rat (D:1)
28 creatures vanquished.

Notes
Turn   | Place    | Note
-------+----------+-------------------------------------------
     0 | D:1      | qw the Spriggan Hunter began the quest for the Orb.
     0 | D:1      | Reached XP level 1. HP: 10/10 MP: 2/2
     0 | D:1      | 0 ||| qw: Version: 0.3-a-157-g843a77d
     0 | D:1      | 0 ||| qw: Game counter: 3570
     0 | D:1      | 0 ||| qw: Melee chars always use a shield: true
     0 | D:1      | 0 ||| qw: God list: Okawaru
     0 | D:1      | 0 ||| qw: Allow faded altars: false
     0 | D:1      | 0 ||| qw: Do Orc after clearing Dungeon:15 true
     0 | D:1      | 0 ||| qw: Do second Lair branch before Depths: true
     0 | D:1      | 0 ||| qw: Lair rune preference: random
     0 | D:1      | 0 ||| qw: Goals: Normal
     0 | D:1      | 0 ||| PLANNING D:1-11
    18 | D:1      | Reached skill level 3 in Dodging
    55 | D:1      | Reached XP level 2. HP: 14/14 MP: 3/3
   555 | D:1      | 555 ||| READING 2 scrolls labelled VUSTUA UPTAMU.
   555 | D:1      | 555 ||| IDENTIFYING lumpy silvery potion
   556 | D:1      | 556 ||| READING scroll of identify.
   556 | D:1      | 556 ||| IDENTIFYING amethyst potion
   557 | D:1      | 557 ||| READING scroll labelled JASUELIUDI.
   658 | D:1      | 658 ||| READING 2 scrolls labelled VEOMOTOCAT.
   662 | D:1      | 662 ||| READING scroll labelled HAWIWNO VOIVOCH.
   663 | D:1      | 663 ||| READING scroll labelled ALUPUW UXZAOCU.
   664 | D:1      | 664 ||| DRINKING 2 metallic white potions.
   665 | D:1      | 665 ||| DROPPING scroll of butterflies.
   666 | D:1      | 666 ||| DROPPING potion of brilliance.
   667 | D:1      | 667 ||| DROPPING potion of degeneration.
   864 | D:2      | Reached XP level 3. HP: 15/18 MP: 4/4
  1132 | D:2      | HP: 3/18 [kobold/+0 whip (2)]
  1133 | D:2      | 1133 ||| READING scroll of teleportation.
  1135 | D:2      | Slain by a kobold

Levels and vault maps discovered:
D:1:      mrwooster_arrival_statue, layout_basic, minmay_misc_feat_four_crosses,
          wander_ebering_terrifying_dragon_lair
D:2:      layout_loops_ring, minmay_goblin_kobold_house

Skill      XL: |  1  2 |
---------------+-------+-----
Dodging        | 3 4 |  4.0
Fighting       | |  1.5
Ranged Weapons | |  4.6
Stealth        | |  1.5

Action                     || total
---------------------------++-------
   Fire: Shortbow          ||    65
    Use: Scroll            ||     7
         Potion            ||     1
 Armour: Robe              ||    10
  Dodge: Dodged            ||    21

Table legend:
 A = Non-vault XP
 B = Vault XP
 C = Vault XP percentage of total XP
 D = Non-vault monster count
 E = Vault monster count
 F = Vault count percentage of total count
                 A         B        C        D         E       F
            +---------+---------+-------+---------+---------+-------
      Total |      49 |       5 |   9.3 |      24 |       4 |  14.3
            +---------+---------+-------+---------+---------+-------
        D:1 |      25 |       1 |   3.8 |      16 |       1 |   5.9
        D:2 |      24 |       4 |  14.3 |       8 |       3 |  27.3
            +---------+---------+-------+---------+---------+-------
